 Dungeon Crawl Stone Soup version 0.28.0 (webtiles) character file.

Game seed: 3153593323648014282

2600 PBDoughboyy the Basher (level 9, -9/74 HPs)
             Began as a Gnoll Cinder Acolyte on Feb 17, 2022.
             Was a Priest of Ignis.
             Mangled by a yak (14 damage)
             ... on level 7 of the Dungeon.
             The game lasted 00:37:19 (10238 turns).

PBDoughboyy the Basher (Gnoll Cinder Acolyte)      Turns: 10238, Time: 00:37:20

Health: -9/74      AC:  4    Str: 14    XL:     9   Next: 59%
Magic:  1/16       EV: 12    Int: 17    God:    Ignis [***...]
Gold:   369        SH:  0    Dex:  8    Spells: 8/18 levels left

rFire   + . .      SeeInvis .   t - +1 dagger (flame)
rCold   . . .      Faith    .   (no shield)
rNeg    . . .      Spirit   .   b - +0 robe
rPois   .          Reflect  .   d - +0 helmet
rElec   .          Harm     .   f - +0 cloak
rCorr   .          Rampage  .   (no gloves)
Will    .....                   (no boots)
Stlth   ++........              (no amulet)
HPRegen 0.22/turn               (no ring)
MPRegen 0.15/turn               (no ring)

@: no status effects
A: fangs 1, strong nose, distributed training
a: Renounce Religion, Fiery Armour, Foxfire Swarm, Rising Flame


You were on level 7 of the Dungeon.
You worshipped Ignis.
Ignis was most pleased with you.
You visited 2 branches of the dungeon, and saw 9 of its levels.

You collected 369 gold pieces.

Inventory:

Hand Weapons
 a - a -1 mace of flaming
 p - a +2 hunting sling of freezing
 t - a +1 dagger of flaming (weapon)
 y - a +2 trident of protection
Missiles
 e - 206 stones
 w - 12 poisoned darts (quivered)
Armour
 b - a +0 robe (worn)
 d - a +0 helmet (worn)
 f - a +0 cloak (worn)
 s - a +3 leather armour of poison resistance
Scrolls
 g - 4 scrolls of identify
 h - 2 scrolls of amnesia
 i - a scroll of holy word {unknown}
 k - 2 scrolls of enchant armour {unknown}
 l - a scroll of acquirement {unknown}
 q - a scroll of noise {unknown}
 r - a scroll of fear {unknown}
 u - a scroll of fog {unknown}
 x - a scroll of magic mapping {unknown}
 z - a scroll of enchant weapon {unknown}
Potions
 c - 4 potions of curing {unknown}
 j - a potion of brilliance {unknown}
 m - 2 potions of attraction {unknown}
 n - a potion of heal wounds {unknown}
 o - a potion of haste {unknown}
 v - a potion of degeneration {unknown}


   Skills:
 + Level 8.0 Fighting
 + Level 4.4 Short Blades
 + Level 4.4 Long Blades
 + Level 4.4 Axes
 + Level 8.0 Maces & Flails
 + Level 4.4 Polearms
 + Level 4.4 Staves
 + Level 4.4 Slings
 + Level 4.4 Bows
 + Level 4.4 Crossbows
 + Level 4.4 Throwing
 + Level 4.4 Armour
 + Level 4.4 Dodging
 + Level 4.4 Stealth
 + Level 4.4 Shields
 + Level 4.4 Unarmed Combat
 + Level 5.3 Spellcasting
 + Level 3.6 Conjurations
 + Level 3.6 Hexes
 + Level 3.6 Summonings
 + Level 3.6 Necromancy
 + Level 3.6 Translocations
 + Level 3.6 Transmutations
 + Level 6.6 Fire Magic
 + Level 3.6 Ice Magic
 + Level 3.6 Air Magic
 + Level 3.6 Earth Magic
 + Level 3.6 Poison Magic
 + Level 4.8 Invocations
 + Level 4.4 Evocations


You had 8 spell levels left.
You knew the following spells:

 Your Spells              Type           Power      Damage    Failure   Level
a - Scorch                Fire           54%        2d7       1%          2
b - Conjure Flame         Conj/Fire      21%        6-21      4%          3
c - Poisonous Vapours     Pois/Air       32%        N/A       4%          2
d - Ignite Poison         Fire/Tmut/Pois 20%        N/A       6%          3

Your spell library contained the following spells:

 Spells                   Type           Power      Damage    Failure   Level
 Corpse Rot               Necr/Air       32%        N/A       4%          2
 Sticky Flame             Conj/Fire      21%        2d4       17%         4


Dungeon Overview and Level Annotations

Branches:
Dungeon (8/15)             Temple (1/1) D:4
   Lair: D:8-11

Altars:
Ashenzari
Cheibriados
Dithmenos
Elyvilon
Fedhas
Gozag
Hepliaklqana
Kikubaaqudgha
Makhleb
Nemelex Xobeh
Okawaru
Qazlal
Ru
Sif Muna
Trog
Uskayaw
Vehumet
Wu Jian
Xom
Yredelemnul
Zin
The Shining One

Shops:
D:5 :(

Annotations:
D:3 2 runed translucent doors, SnakkuSnakku7's ghost, amateur DEAr


Innate Abilities, Weirdness & Mutations

You have very sharp teeth.
Your uncanny sense of smell can sniff out nearby items.
Your experience applies equally to all skills.


Message History

Unknown command.
Casting: Ignite Poison (dangerous; 6% risk of failure)
Confirm with . or Enter, or press ? or * to list all spells.
Aiming: Poisonous Vapours (safe; 4% risk of failure)
Press: ? - help, Dir - move target, f/p - yak
Aim: a yak (heavily wounded) Poisonous vapours surround the yak!
The yak is poisoned.
The yak gores you.
Unknown command.
Unknown command.
Casting: Poisonous Vapours (safe; 4% risk of failure)
Confirm with . or Enter, or press ? or * to list all spells.
Aiming: Poisonous Vapours (safe; 4% risk of failure)
Press: ? - help, Dir - move target, f/p - yak
Aim: a yak (heavily wounded, poisoned) Poisonous vapours surround the yak!
The yak looks even sicker.
The yak gores you!
Unknown command.
Casting: Poisonous Vapours (safe; 4% risk of failure)
Confirm with . or Enter, or press ? or * to list all spells.
You ignite the poison in your surroundings!
The yak seems to burn from within!
The yak is almost dead.
The yak gores you.
* * * LOW HITPOINT WARNING * * *
Unknown command.
You hit the yak but do no damage.
The yak is severely wounded.
The yak gores you!
* * * LOW HITPOINT WARNING * * *
You hit the yak but do no damage.
The yak is severely wounded.
Unknown command.
Casting: Ignite Poison (dangerous; 6% risk of failure)
Confirm with . or Enter, or press ? or * to list all spells.
Okay, then.
As you read the scroll labelled SIKHU FA SOZIRR, it crumbles to dust.
It is a scroll of identify.
h - 2 scrolls of amnesia The yak gores you!
You die...

..'.# #.........#.......######..
..#+####...#######.......# #..
......##...##......>.....# ####..
......##....#......(.....# #.....
......###...#............# #.....
......###...#.........######.....
###'###...............#...##.....
.....##.......###.....#...##.....
.....++....>(.YY@.....'....'.....
.....##.......######..#....#.....
.....##.......#######.#....#.....
####..........#.......#....#.....
#....#######............######
#....# #............## #....#
#.............### #....#
#.......#.......#
#....#######.......#.......#


You could see 2 yaks.

Vanquished Creatures
  2 kobold demonologists (D:8)
  2 water moccasins
  3 orc warriors
  A black bear (D:6)
  A necrophage (D:7)
  An ogre (D:3)
  A centaur (D:7)
  A kobold brigand (D:7)
  2 bullfrogs
  5 killer bees (D:8)
  A jelly (D:4)
  A centaur zombie (D:8)
  A bullfrog skeleton (D:7)
  3 bullfrog zombies (D:6)
  A hound (D:6)
  3 orc priests
  A gnoll shaman (D:4)
  Ijyb (D:5)
  An iguana (D:6)
  7 orc wizards
  A hound zombie (D:5)
  4 gnolls (D:4)
  5 adders
  A shadow imp (D:6)
  A white imp (D:7)
  2 ufetubi (D:4)
  An adder skeleton (D:4)
  2 worms (D:2)
  24 orcs
  7 bats
  8 endoplasms
  3 giant cockroaches
  2 goblins
  6 hobgoblins
  3 jackals (D:5)
  A quokka (D:5)
  3 training dummies (D:5)
  3 ball pythons
  A frilled lizard (D:2)
  12 kobolds
  5 rats
134 creatures vanquished.

Vanquished Creatures (others)
  50 foxfires
50 creatures vanquished.

Grand Total: 184 creatures vanquished

Notes
Turn   | Place    | Note
-------+----------+-------------------------------------------
     0 | D:1      | PBDoughboyy the Gnoll Cinder Acolyte began the quest for
                  | the Orb.
     0 | D:1      | Reached XP level 1. HP: 23/23 MP: 4/4
   363 | D:1      | Reached XP level 2. HP: 29/29 MP: 5/5
   536 | D:1      | Learned a level 2 spell: Scorch
   748 | D:1      | Found a faded altar of an unknown god.
  1274 | D:2      | Reached XP level 3. HP: 35/35 MP: 4/7
  1485 | D:2      | Reached skill level 1 in Invocations
  2057 | D:3      | Reached skill level 1 in Short Blades
  2057 | D:3      | Reached skill level 1 in Long Blades
  2057 | D:3      | Reached skill level 1 in Axes
  2057 | D:3      | Reached skill level 1 in Polearms
  2057 | D:3      | Reached skill level 1 in Staves
  2057 | D:3      | Reached skill level 1 in Slings
  2057 | D:3      | Reached skill level 1 in Bows
  2057 | D:3      | Reached skill level 1 in Crossbows
  2057 | D:3      | Reached skill level 1 in Throwing
  2057 | D:3      | Reached skill level 1 in Armour
  2057 | D:3      | Reached skill level 1 in Dodging
  2057 | D:3      | Reached skill level 1 in Stealth
  2057 | D:3      | Reached skill level 1 in Shields
  2057 | D:3      | Reached skill level 1 in Unarmed Combat
  2057 | D:3      | Reached skill level 1 in Evocations
  2248 | D:3      | Reached XP level 4. HP: 41/41 MP: 5/8
  2366 | D:3      | Found a large runed translucent door.
  2369 | D:3      | Found a large runed translucent door.
  2371 | D:3      | Noticed SnakkuSnakku7's ghost (amateur DEAr)
  2633 | D:3      | Reached skill level 1 in Conjurations
  2633 | D:3      | Reached skill level 1 in Hexes
  2633 | D:3      | Reached skill level 1 in Summonings
  2633 | D:3      | Reached skill level 1 in Necromancy
  2633 | D:3      | Reached skill level 1 in Translocations
  2633 | D:3      | Reached skill level 1 in Transmutations
  2633 | D:3      | Reached skill level 1 in Ice Magic
  2633 | D:3      | Reached skill level 1 in Air Magic
  2633 | D:3      | Reached skill level 1 in Earth Magic
  2633 | D:3      | Reached skill level 1 in Poison Magic
  2645 | D:3      | Noticed an ogre
  2707 | D:3      | Killed an ogre
  2708 | D:3      | Reached XP level 5. HP: 47/47 MP: 0/9
  3424 | D:4      | Reached XP level 6. HP: 50/53 MP: 3/11
  3634 | D:4      | Found a staircase to the Ecumenical Temple.
  3653 | Temple   | Entered the Ecumenical Temple
  4058 | D:4      | Found a shimmering altar of Xom.
  4556 | D:5      | Entered Level 5 of the Dungeon
  4564 | D:5      | Learned a level 3 spell: Conjure Flame
  4638 | D:5      | Noticed Ijyb
  4642 | D:5      | Paralysed by Ijyb for 6 turns
  4652 | D:5      | Paralysed by Ijyb for 5 turns
  5512 | D:5      | Found Touturid's Firing Range.
  5539 | D:5      | Killed Ijyb
  5540 | D:5      | Reached XP level 7. HP: 44/59 MP: 2/12
  5858 | D:5      | Found Enibi Wada's Book Shoppe.
  6942 | D:6      | Reached XP level 8. HP: 67/67 MP: 4/14
  7251 | D:6      | Learned a level 2 spell: Poisonous Vapours
  7255 | D:6      | Learned a level 3 spell: Ignite Poison
  8868 | D:8      | Noticed a kobold demonologist
  9078 | D:8      | Noticed a kobold demonologist
  9254 | D:8      | Noticed a yak
  9304 | D:7      | Reached XP level 9. HP: 54/72 MP: 2/16
  9396 | D:8      | Noticed an ice devil
  9552 | D:8      | Noticed a sun demon
  9553 | D:8      | Killed a kobold demonologist
  9554 | D:8      | Reached skill level 5 in Spellcasting
  9558 | D:8      | Noticed an orange demon
  9662 | D:8      | Noticed an ice devil
  9664 | D:8      | Killed a kobold demonologist
 10238 | D:7      | Mangled by a yak

Illustrated notes

Levels and vault maps discovered:
D:1:      psy_arrival_conway, layout_loops_corners,
          hellmonk_ecumenical_altar_heavens_door
D:2:      layout_basic
D:3:      layout_basic, ebering_ghost_disaster_area
D:4:      layout_basic, mainiacjoe_overflow_cross_hatched,
          minmay_temple_entry_overgrown
D:5:      layout_rooms, serial_shops, shop, hex_tiny, nicolae_shop_firing_range,
          uniq_ijyb
D:6:      nicolae_cairo_tiling_large_dashed, layout_cave_pods, serial_glass,
          glass_columns_a, glass_columns_c, glass_columns_c, glass_columns_b,
          glass_columns_c, glass_columns_a, glass_columns_a, glass_columns_a
D:7:      layout_basic
D:8:      layout_rooms
Temple:   compressed_dpeg_triangle_lava_temple

Skill      XL: |  1  2  3  4  5  6  7  8  9 |
---------------+----------------------------+-----
Invocations    | 1 2 3 4 |  4.8
Short Blades   | 1 2 3 4 |  4.4
Long Blades    | 1 2 3 4 |  4.4
Axes           | 1 2 3 4 |  4.4
Polearms       | 1 2 3 4 |  4.4
Staves         | 1 2 3 4 |  4.4
Slings         | 1 2 3 4 |  4.4
Bows           | 1 2 3 4 |  4.4
Crossbows      | 1 2 3 4 |  4.4
Throwing       | 1 2 3 4 |  4.4
Armour         | 1 2 3 4 |  4.4
Dodging        | 1 2 3 4 |  4.4
Stealth        | 1 2 3 4 |  4.4
Shields        | 1 2 3 4 |  4.4
Unarmed Combat | 1 2 3 4 |  4.4
Evocations     | 1 2 3 4 |  4.4
Spellcasting   | 3 4 5 |  5.3
Conjurations   | 1 2 3 |  3.6
Hexes          | 1 2 3 |  3.6
Summonings     | 1 2 3 |  3.6
Necromancy     | 1 2 3 |  3.6
Translocations | 1 2 3 |  3.6
Transmutations | 1 2 3 |  3.6
Ice Magic      | 1 2 3 |  3.6
Air Magic      | 1 2 3 |  3.6
Earth Magic    | 1 2 3 |  3.6
Poison Magic   | 1 2 3 |  3.6
Fighting       | 7 8 |  8.0
Maces & Flails | 7 8 |  8.0
Fire Magic     | 6 |  6.6

Action                   |  1- 3 |  4- 6 |  7- 9 || total
-------------------------+-------+-------+-------++-------
Melee: Mace              |    30 |    29 |    14 ||    73
       Bite              |     3 |     2 |     6 ||    11
       Punch             |       |       |     3 ||     3
       Dagger            |       |       |    43 ||    43
Throw: Stone             |    43 |    42 |    20 ||   105
       Dart              |       |    19 |    57 ||    76
       Throwing net      |       |       |     1 ||     1
 Cast: Scorch            |    27 |    56 |    71 ||   154
       Conjure Flame     |       |     7 |    10 ||    17
       Poisonous Vapours |       |       |    27 ||    27
       Ignite Poison     |       |       |    14 ||    14
Invok: Foxfire Swarm     |       |     1 |     2 ||     3
       Fiery Armour      |       |       |     1 ||     1
  Use: Scroll            |       |       |     1 ||     1
Armor: Robe              |    10 |    14 |    24 ||    48
Dodge: Dodged            |    33 |    45 |    83 ||   161
